cohdb
Replays
Latest Replays
All Replays
Popular Replays
Top Player Replays
Match Explorer
How It Works
Community
CoH3 Stats
Reddit
Sign in to upload your games and track your stats! →
Sign in with Steam
Match 43144913
Unlisted
Match 43144913
Overview
Messages
Build Orders
End
Construct Barracks
Selects Armored Battlegroup
Selects Veteran Crews
1⁄4-ton 4x4 Truck
Riflemen Squad
Riflemen Squad
Riflemen Squad
Infantry Support Center
Construct Motor Pool
M8 Greyhound Armored Car
Selects Field Repairs
Field Repairs
M24 Chaffee Light Tank
Riflemen Squad
M1918 Browning Automatic Rifles
Selects War Machine
Field Repairs
M8 Greyhound Armored Car
M24 Chaffee Light Tank
Field Repairs
Flash
Trion
0
0
Comments
sign in to comment!
No comments posted yet!